 Dungeon Crawl Stone Soup version 0.32-a0-43-g058985b245 (webtiles) character file.

Game seed: 1726917607168231881

87 Ofeo the Sneak (level 4, -2/24 HPs)
             Began as a Kobold Earth Elementalist on Feb 4, 2024.
             Slain by a ribbon worm (6 damage)
             ... on level 2 of the Dungeon.
             The game lasted 00:02:09 (1831 turns).

Ofeo the Sneak (Kobold Earth Elementalist)          Turns: 1831, Time: 00:02:10

Health: -2/24      AC:  3    Str:  5    XL:     4   Next: 80%
Magic:  5/8        EV: 15    Int: 16    God:
Gold:   54         SH:  0    Dex: 17    Spells: 1/8 levels left

rFire   . . .        g - +0 short sword
rCold   . . .        (no shield)
rNeg    . . .        a - +0 robe
rPois   .            j - +0 helmet
rElec   .            (no cloak)
rCorr   .            (no gloves)
SInv    .            (no boots)
Will    +....        (no amulet)
Stlth   ++++         h - +4 ring of slaying
HPRegen 0.24/turn    k - ring of willpower
MPRegen 0.11/turn

%: no passive effects
@: very slightly contaminated
A: small, no large weapons, nightstalker 3
a: no special abilities


You were on level 2 of the Dungeon.
You visited 1 branch of the dungeon, and saw 2 of its levels.

You collected 54 gold pieces.

Inventory:

Hand Weapons
 g - a +0 short sword (weapon)
Armour
 a - a +0 robe (worn)
 j - a +0 helmet (worn)
Jewellery
 h - a +4 ring of slaying (left hand)
 k - a ring of willpower (right hand)
Scrolls
 c - a scroll of amnesia {unknown}
 d - a scroll of blinking {unknown}
 e - a scroll of teleportation {unknown}
 f - a scroll of enchant weapon {unknown}
 i - a scroll of poison {unknown}


   Skills:
 + Level 3.2 Dodging
 + Level 3.8 Stealth
 + Level 2.8 Spellcasting
 + Level 2.0 Conjurations
 + Level 3.5 Earth Magic


You had one spell level left.
You knew the following spells:

 Your Spells              Type           Power      Damage    Failure   Level
a - Sandblast             Erth           26%        2d8       4%          1
b - Passwall              Erth           13%        N/A       13%         3
c - Stone Arrow           Conj/Erth      22%        3d8       19%         3

Your spell library contained the following spells:

 Spells                   Type           Power      Damage    Failure   Level
 Brom's Barrelling Bould  Conj/Erth      11%        2d3       52%         4
 Petrify                  Alch/Erth      7%         N/A       67%         4


Dungeon Overview and Level Annotations

Branches:
Dungeon (2/15)

Altars:


Innate Abilities, Weirdness & Mutations

You are small and have problems with some larger weapons.
You are completely attuned to the shadows.


Message History

You feel sick.
You take 2 damage, and have 6/24 hp.
You feel sick.
You take 1 damage, and have 5/24 hp.
You hit the hobgoblin but do no damage.
The hobgoblin is almost dead.
You feel sick. The hobgoblin completely misses you.
You hit the hobgoblin.
You kill the hobgoblin!
You feel sick.
You take 1 damage, and have 4/24 hp.
Magic courses through your body.
You feel sick.
You are no longer poisoned.
The ribbon worm barely misses you.
You take 1 damage, and have 3/24 hp.
MP restored: 8
Casting: Stone Arrow (extremely dangerous; 19% risk of failure)
Confirm with . or Enter, or press ? or * to list all spells.
Aiming: Stone Arrow (extremely dangerous; 19% risk of failure)
Press: ? - help, Shift-Dir - straight line, f - ribbon worm
Aim: a ribbon worm (moderately wounded, 89% to hit)
You miscast Stone Arrow.
You are very lightly contaminated with residual magic.
Nothing appears to happen.
You now have 5/8 mp.
You hit the ribbon worm.
The ribbon worm is moderately wounded.
The ribbon worm expels a string of sticky webbing.
The stream of webbing misses you.
You hit the ribbon worm.
The ribbon worm is moderately wounded.
The ribbon worm expels a string of sticky webbing.
The stream of webbing hits you but does no damage.
You are caught in a web!
You struggle to detach yourself from the web.
The ribbon worm expels a string of sticky webbing.
The stream of webbing hits you but does no damage.
You are even more entangled.
The web tears apart.
The ribbon worm bites you.
You die...

.... ..# ..#..
....#.. #.(..
...... .## ....
....w##..# #.#.
...$..##.## #.#.
....#.##..# #...
....#.w@..## ###.
########...#
..... ##..####
##..#.
#.....#####....#
###.........##..
####..#.##...##..
#....##..†......#
..#######.....###
# #.......>


You could see a ribbon worm.

Vanquished Creatures
  Robin (D:2)
  2 adders (D:2)
  5 ball pythons
  3 bats (D:1)
  4 endoplasms
  5 giant cockroaches
  13 goblins
  7 hobgoblins
  A kobold (D:1)
  2 quokkas (D:1)
  7 frilled lizards
  5 rats
55 creatures vanquished.

Notes
Turn   | Place    | Note
-------+----------+-------------------------------------------
     0 | D:1      | Ofeo the Kobold Earth Elementalist began the quest for the
                  | Orb.
     0 | D:1      | Reached XP level 1. HP: 10/10 MP: 3/3
   309 | D:1      | Reached XP level 2. HP: 14/15 MP: 1/5
   844 | D:1      | Reached XP level 3. HP: 19/19 MP: 4/6
  1346 | D:1      | Learned a level 3 spell: Passwall
  1350 | D:1      | Learned a level 3 spell: Stone Arrow
  1576 | D:2      | Noticed Robin
  1631 | D:2      | Killed Robin
  1632 | D:2      | Reached XP level 4. HP: 20/24 MP: 4/8
  1831 | D:2      | Slain by a ribbon worm

Illustrated notes

Levels and vault maps discovered:
D:1:      scummos_arrival_simple_crosswalls, layout_loops_ring,
          chequers_serial_rivers_small_3, chequers_serial_rivers_small_a,
          minmay_misc_feat_encased, minmay_statues_item
D:2:      layout_rooms, basic_altar, uniq_robin

Skill      XL: |  1  2  3  4 |
---------------+-------------+-----
Stealth        | 3 |  3.8
Dodging        | 3 |  3.2
Conjurations   | 2 |  2.0
Spellcasting   | |  2.8
Earth Magic    | |  3.5

Action                     |  1- 3 |  4- 6 || total
---------------------------+-------+-------++-------
  Melee: Unarmed           |    13 |       ||    13
         Short sword       |     2 |    33 ||    35
   Cast: Sandblast         |    48 |     9 ||    57
         Stone Arrow       |       |     2 ||     2
    Use: Potion            |       |     1 ||     1
   Stab: Sleeping          |     1 |       ||     1
 Armour: Robe              |    15 |    16 ||    31
  Dodge: Dodged            |    28 |    29 ||    57

Table legend: (Time is in decaauts)
 A = Elapsed time spent in this place.
 B = Non-inter-level travel time spent in this place.
 C = Inter-level travel time spent in this place.
 D = Time resting spent in this place.
 E = Time spent auto-exploring this place.
 F = Levels seen in this place.
 G = Mean time per level.
                   A        B        C        D        E       F      G
               +--------+--------+--------+--------+--------+-----+--------+
         Total |   1866 |   1766 |    100 |     67 |   1425 |   2 |  933.0 |
       Dungeon |   1866 |   1766 |    100 |     67 |   1425 |   2 |  933.0 |
               +--------+--------+--------+--------+--------+-----+--------+

Top non-repeatable levels by time:
     D:1: 1513 daAuts
     D:2: 352 daAuts
